 Dungeon Crawl Stone Soup version 0.23.2-1-ga50397a (webtiles) character file.

Game seed: 8732917185599435744

31 vlazyslath the Grave Robber (level 3, 0/24 HPs)
             Began as a Vampire Necromancer on May 20, 2019.
             Slain by a sky beast (3 damage)
             ... on level 5 of the Dungeon.
             The game lasted 00:11:03 (1580 turns).

vlazyslath the Grave Robber (Vampire Necromancer)   Turns: 1580, Time: 00:11:04

Health: 0/24       AC:  0    Str:  7    XL:     3   Next: 7%
Magic:  6/6        EV: 20    Int: 18    God:
Gold:   16         SH:  0    Dex: 19    Spells: 6/7 levels left

rFire    . . .     SeeInvis +   (weapon currently unavailable)
rCold    . . .     Gourm    .   (shield currently unavailable)
rNeg     + . .     Faith    .   (armour currently unavailable)
rPois    .         Spirit   .   (helmet currently unavailable)
rElec    .         Reflect  .   (cloak currently unavailable)
rCorr    .         Harm     .   (gloves currently unavailable)
MR       .....                  (boots currently unavailable)
Stlth    +++++.....             (no amulet)
HPRegen  0.08/turn              (ring currently unavailable)
MPRegen  0.10/turn              (ring currently unavailable)

@: about to teleport, bat-form, flying, very quick
A: tiny, fangs 3, see invisible
a: End Transformation


You were on level 5 of the Dungeon.
You were not thirsty.
You were in vampire-bat-form.
You visited 1 branch of the dungeon, and saw 5 of its levels.

You collected 16 gold pieces.

Inventory:

Hand Weapons
 h - a +0 short sword (melded)
Armour
 a - a +0 robe (melded)
Scrolls
 d - 2 scrolls of noise {unknown}
Potions
 b - a potion of agility {unknown}
 c - 5 potions of blood
 e - a potion of berserk rage {unknown}
 f - a potion of haste {unknown}
 g - a potion of curing {unknown}
 i - a potion of might {unknown}
 j - a potion of heal wounds {unknown}


   Skills:
 - Level 2.1 Dodging
 - Level 3.0 Stealth
 + Level 2.5 Spellcasting
 * Level 5.2 Necromancy


You had 6 spell levels left.
You knew the following spells:

 Your Spells              Type           Power        Failure   Level  Hunger
a - Pain                  Necr           ###.         1%          1    #......

Your spell library contained the following spells:

 Spells                   Type           Power        Failure   Level  Hunger
 Animate Skeleton         Necr           N/A          1%          1    #......
 Vampiric Draining        Necr           ###.......   6%          3    ###....
 Regeneration             Chrm/Necr      ##........   19%         3    ###....
 Animate Dead             Necr           N/A          21%         4    #####..


Dungeon Overview and Level Annotations

Branches:
Dungeon (5/15)
 Temple: D:4-7

Altars:
Ashenzari
Dithmenos
The Shining One

Annotations:
D:3 Ijyb


Innate Abilities, Weirdness & Mutations

You have razor-sharp teeth.
You have supernaturally acute eyesight. (SInv)
((You can survive without breathing.))


Message History

You see here 12 stones.
You see here 12 stones.
A giant cockroach comes into view.
You reach down and open the door.
A leopard gecko zombie comes into view.
Found 10 poisoned needles.
There is an open door here.
Found a stone staircase leading down.
A jackal comes into view.
There is a stone staircase leading down here.
Found 6 gold pieces.
You see here 15 stones.
The jackal barks!
The jackal bites you.
A sky beast comes into view.
The sky beast hits you. The sky beast shocks you.
* * * LOW HITPOINT WARNING * * *
As you read the scroll of teleportation, it crumbles to dust.
You feel strangely unstable. The sky beast hits you.
You die...

........(.....#.......####.#
.......###.##.###.##.......#
.........#.##.#....#..######
$......#.#.##.#.#..#..#
.......#.#.##.#....#..#
########.#.##.#.#..#..#
.....s....>##.####.#..########
########Z####.h..#.#..#..Z.5.#
###### #.# ####b#....#.####.#
#....###.# #Y#.#.##.# #.#
'o...Z...# #.#.#.##.# #.#
#....##### #.#...##.# #.#
#....# #.#.####.# #5# #....#
#...<....# #.# #....#
#####.#....## #.# ######
#..........$....#
#####.#...#####


You could see a sky beast and a jackal.

Vanquished Creatures
  3 dart slugs (D:1)
  2 leopard geckos
  4 bats (D:1)
  3 goblins (D:1)
  2 hobgoblins (D:1)
  A ball python (D:1)
  3 frilled lizards
  2 kobolds
  3 rats (D:1)
23 creatures vanquished.

Notes
Turn   | Place    | Note
-------+----------+-------------------------------------------
     0 | D:1      | vlazyslath the Vampire Necromancer began the quest for the
                  | Orb.
     0 | D:1      | Reached XP level 1. HP: 13/13 MP: 3/3
   202 | D:1      | Reached XP level 2. HP: 11/19 MP: 3/5
   458 | D:1      | Reached skill level 5 in Necromancy
   901 | D:2      | Reached XP level 3. HP: 11/24 MP: 0/6
   967 | D:3      | Found a glowing golden altar of the Shining One.
   967 | D:3      | Noticed Ijyb
  1008 | D:3      | Found a shattered altar of Ashenzari.
  1188 | D:4      | Found a shadowy altar of Dithmenos.
  1188 | D:4      | Noticed a phantom
  1271 | D:4      | Noticed an orc warrior
  1333 | D:5      | Entered Level 5 of the Dungeon
  1578 | D:5      | Noticed a sky beast
  1580 | D:5      | Slain by a sky beast

Skill      XL: |  1  2 |
---------------+-------+-----
Necromancy     | 5 |  5.2
Dodging        | |  2.1
Stealth        | |  3.0
Spellcasting   | |  2.5

Action                   || total
-------------------------++-------
Melee: Unarmed           ||    10
       Short sword       ||     2
 Cast: Pain              ||    48
 Abil: Bat Form          ||     3
       End Transformatio ||     2
  Use: Potion            ||     4
       Scroll            ||     3
 Stab: Sleeping          ||     3
Armor: Robe              ||    14
Dodge: Dodged            ||    44
